 Dungeon Crawl Stone Soup version 0.27-a0-1065-ge809cff456 (webtiles) character file.

Game seed: 2552026232806494772

11 rageheart7 the Skirmisher (level 2, 0/24 HPs)
             Began as a Demonspawn Monk on Apr 23, 2021.
             Hit by a stone thrown by a kobold (2 damage)
             ... on level 1 of the Dungeon.
             The game lasted 00:01:28 (425 turns).

rageheart7 the Skirmisher (Demonspawn Monk)          Turns: 425, Time: 00:01:29

Health: 0/24       AC:  2    Str: 11    XL:     2   Next: 17%
Magic:  2/2        EV: 12    Int: 11    God:
Gold:   3          SH:  0    Dex: 15    Spells: 1/1 levels left

rFire    . . .     SeeInvis .   a - +0 falchion
rCold    . . .     Faith    .   (no shield)
rNeg     . . .     Spirit   .   b - +0 robe
rPois    .         Reflect  .   (no helmet)
rElec    .         Harm     .   (no cloak)
rCorr    .         Rampage  .   (no gloves)
Will     .....                  (no boots)
Stlth    ++........             (no amulet)
HPRegen  0.08/turn              (no ring)
MPRegen  0.08/turn              (no ring)

@: no status effects
A: powered by death 1
a: no special abilities


You were on level 1 of the Dungeon.
You visited 1 branch of the dungeon, and saw 1 of its levels.

You collected 3 gold pieces.

Inventory:

Hand Weapons
 a - a +0 falchion (weapon)
Armour
 b - a +0 robe (worn)
Scrolls
 c - a scroll of acquirement {unknown}
Potions
 d - a potion of attraction {unknown}


   Skills:
 * Level 3.3 Fighting
 * Level 3.0 Long Blades
 - Level 2.6 Dodging
 - Level 1.7 Stealth


You had one spell level left.
You didn't know any spells.
Your spell library was empty.

Dungeon Overview and Level Annotations

Branches:
Dungeon (1/15)

Altars:


Innate Abilities, Weirdness & Mutations

You regenerate a little health from kills.


Message History

You are too injured to fight recklessly!
You are too injured to fight recklessly!
You are too injured to fight recklessly!
You are too injured to fight recklessly!
You are too injured to fight recklessly!
You hit the jackal.
You kill the jackal!
The jackal misses you.
You riposte.
You hit the jackal but do no damage.
Your Long Blades skill increases to level 3!
You have reached level 2!
Your demonic ancestry asserts itself...
A wave of death washes over you.
You closely miss the jackal. The jackal bites you.
* * * LOW HITPOINT WARNING * * *
You closely miss the jackal. The jackal barely misses you.
You riposte.
You closely miss the jackal. The jackal closely misses you.
You riposte.
You barely miss the jackal. You barely miss the jackal. The jackal bites you.
* * * LOW HITPOINT WARNING * * *
The jackal bites you but does no damage.
You hit the jackal.
You kill the jackal!
The jackal bites you.
* * * LOW HITPOINT WARNING * * *
You hit the jackal.
You kill the jackal!
The ball python bites you.
* * * LOW HITPOINT WARNING * * *
The ball python barely misses you.
You hit the ball python but do no damage.
The ball python bites you but does no damage.
The ball python grabs you.
* * * LOW HITPOINT WARNING * * *
The ball python constricts you.
You escape the ball python's grasp.
You hit the ball python.
You kill the ball python!
You closely miss the kobold. The kobold barely misses you.
The kobold throws a stone.
The stone hits you.
You die...

...#...#..............#
.#...#......r.........#
..#..#...............#
#..####..............# ##
#..............#
#..............#
########.......##
..################.......#
#............@.Kgr.......#
######...##########.......#


P.PPP#...#PPPPP #.......# ♣P.P.#...#PPP.♣ #.......##### ..P♣P#...#PPPPP
#.......#.... .P.PP#...#♣P..P #.......#.... P♣PPP#...#PPPP♣ #...÷........
P.♣♣P#...#PPP.P #............ .P.P♣#...#P.P♣P #.#...##..... You could see a
goblin, a kobold and a rat.

Vanquished Creatures
  2 ball pythons (D:1)
  A hobgoblin (D:1)
  3 jackals (D:1)
  A quokka (D:1)
  A bat (D:1)
  2 goblins (D:1)
10 creatures vanquished.

Notes
Turn   | Place    | Note
-------+----------+-------------------------------------------
     0 | D:1      | rageheart7 the Demonspawn Monk began the quest for the Orb.
     0 | D:1      | Reached XP level 1. HP: 18/18 MP: 1/1
   416 | D:1      | Gained mutation: You regenerate a little health from kills.
                  | [demonic ancestry]
   416 | D:1      | Reached XP level 2. HP: 10/24 MP: 2/2
   425 | D:1      | Hit by a stone thrown by a kobold

Illustrated notes

Levels and vault maps discovered:
D:1:      minmay_arrival_arboretum_large, layout_basic, hex_medium,
          wander_ebering_terrifying_dragon_lair

Skill      XL: |  1 |
---------------+----+-----
Long Blades    | 3 |  3.0
Fighting       | |  3.3
Dodging        | |  2.6
Stealth        | |  1.7

Action                   || total
-------------------------++-------
Melee: Falchion          ||    27
 Stab: Sleeping          ||     1
Armor: Robe              ||     7
Dodge: Dodged            ||    30
       Rpst.: Falchion   ||    10

Table legend: (Time is in decaauts)
 A = Elapsed time spent in this place.
 B = Non-inter-level travel time spent in this place.
 C = Inter-level travel time spent in this place.
 D = Time resting spent in this place.
 E = Time spent auto-exploring this place.
 F = Levels seen in this place.
 G = Mean time per level.
                   A        B        C        D        E       F      G
               +--------+--------+--------+--------+--------+-----+--------+
         Total |    429 |    429 |      0 |      0 |    320 |   1 |  429.0 |
       Dungeon |    429 |    429 |      0 |      0 |    320 |   1 |  429.0 |
               +--------+--------+--------+--------+--------+-----+--------+

Top non-repeatable levels by time:
     D:1: 429 daAuts
